[Event "ICC tourney 2604 (40 5)"]
[Site "Internet Chess Club"]
[Date "2021.06.13"]
[Round "5"]
[White "TAO, SIHAN:K06-16931716"]
[Black "ABE, ABISAYO:K06-15761580"]
[Result "1/2-1/2"]
[ICCResult "Game drawn by mutual agreement"]
[WhiteElo "1530"]
[BlackElo "1762"]
[Opening "Sicilian: dragon, Yugoslav attack, Rauser variation"]
[ECO "B76"]
[NIC "SI.17"]
[Time "14:00:22"]
[PlyCount "149"]
[TimeControl "2400+5"]

1. e4 c5 2. Nf3 d6 3. d4 cxd4 4. Nxd4 Nf6 5. Nc3 g6 6. Be3 Bg7 7. f3 O-O 8.
Qd2 Nc6 9. O-O-O Nxd4 10. Bxd4 Be6 11. g4 Qa5 12. Kb1 Rfc8 13. a3 b5 14.
Nd5 Qxd2 15. Nxf6+ Bxf6 16. Rxd2 Bxd4 17. Rxd4 a6 18. Be2 Kg7 19. a4 Bc4
20. Bxc4 bxc4 21. Re1 Rab8 22. e5 Rb6 23. exd6 exd6 24. Red1 Rb4 25. Rxd6
Rcb8 26. b3 cxb3 27. Rxa6 bxc2+ 28. Kxc2 Rb2+ 29. Kc3 Rxh2 30. Rad6 Ra8 31.
Kb3 Rf2 32. R1d3 Rf1 33. R6d4 Rb8+ 34. Kc2 Rf2+ 35. Kc1 Ra2 36. Rc3 h6 37.
Rc2 Ra3 38. Rf4 g5 39. Rf5 Rxa4 40. Rc7 Rf8 41. Kd2 Ra2+ 42. Ke3 Raa8 43.
Kf2 Ra6 44. Kg3 Rf6 45. Rxf6 Kxf6 46. Rc6+ Kg7 47. Rc5 Rd8 48. Rc3 Rd6 49.
f4 Kg6 50. fxg5 hxg5 51. Rf3 Rf6 52. Rd3 Rf4 53. Rd6+ Rf6 54. Rd3 Rb6 55.
Rf3 Rb4 56. Rd3 Rb1 57. Rd6+ f6 58. Rd3 Rg1+ 59. Kf3 Rh1 60. Kg2 Rh4 61.
Kg3 Rh1 62. Kg2 Re1 63. Kg3 Kf7 64. Ra3 Rg1+ 65. Kf3 Rf1+ 66. Kg3 Rf4 67.
Ra7+ Ke6 68. Ra6+ Kf7 69. Ra7+ Kg6 70. Ra3 f5 71. Ra6+ Kf7 72. Ra7+ Ke8 73.
gxf5 Rxf5 74. Kg4 Rb5 75. Rg7 { Game drawn by mutual agreement } 1/2-1/2

[Event "ICC tourney 2604 (40 5)"]
[Site "Internet Chess Club"]
[Date "2021.06.13"]
[Round "5"]
[White "OKUNO, RION:K06-16978387"]
[Black "YAO, JERRY:K06-15860426"]
[Result "1/2-1/2"]
[ICCResult "Game drawn because neither player has mating material"]
[WhiteElo "1587"]
[BlackElo "1893"]
[Opening "Caro-Kann: exchange, Rubinstein variation"]
[ECO "B13"]
[NIC "CK.02"]
[Time "14:00:23"]
[PlyCount "120"]
[TimeControl "2400+5"]

1. e4 c6 2. d4 d5 3. exd5 cxd5 4. Bd3 Nc6 5. c3 Nf6 6. Bf4 Bg4 7. Qb3 Qd7
8. Nd2 e6 9. Ngf3 Bxf3 10. Nxf3 Bd6 11. Bg3 O-O 12. O-O Bxg3 13. hxg3 Rab8
14. a4 Rfc8 15. a5 b5 16. axb6 Rxb6 17. Qa4 Rxb2 18. Bb5 Qc7 19. Bxc6 Qxc6
20. Qxc6 Rxc6 21. Rxa7 Ne8 22. Ne5 Rc7 23. Rxc7 Nxc7 24. Ra1 Rb3 25. Rc1 f6
26. Nf3 Nb5 27. c4 Nc3 28. Kf1 dxc4 29. Nd2 Rb2 30. Nxc4 Rb1 31. Rxb1 Nxb1
32. Ke2 Nc3+ 33. Kd3 Nd5 34. Ke4 Kf7 35. Nd6+ Ke7 36. Nf5+ Kf7 37. Ne3 Nxe3
38. fxe3 Ke7 39. d5 Kd6 40. dxe6 Kxe6 41. g4 g6 42. Kd4 Kd6 43. g3 h6 44.
e4 Ke6 45. Ke3 Ke5 46. Kf3 Ke6 47. Kf4 Kd6 48. Ke3 Ke5 49. Kd3 Ke6 50. Ke3
Ke5 51. Kd3 Kd6 52. Kd4 Ke6 53. Ke3 Ke5 54. Kd3 f5 55. gxf5 gxf5 56. exf5
Kxf5 57. Ke3 Kg4 58. Kf2 h5 59. Kg2 h4 60. gxh4 Kxh4 { Game drawn because
neither player has mating material } 1/2-1/2

[Event "ICC tourney 2604 (40 5)"]
[Site "Internet Chess Club"]
[Date "2021.06.13"]
[Round "5"]
[White "TEITELMAN, AIDEN:K06-15429990"]
[Black "FENG, ANDREW T:K06-15666552"]
[Result "1-0"]
[ICCResult "Black checkmated"]
[WhiteElo "1710"]
[BlackElo "1919"]
[Opening "QGD semi-Slav: Bogolyubov variation"]
[ECO "D46"]
[NIC "SL.08"]
[Time "14:00:19"]
[PlyCount "69"]
[TimeControl "2400+5"]

1. d4 d5 2. c4 e6 3. Nc3 c6 4. Nf3 Nf6 5. e3 Nbd7 6. Bd3 Be7 7. O-O O-O 8.
b3 b6 9. Qe2 Bb7 10. Bb2 c5 11. cxd5 exd5 12. Rfd1 a6 13. Rac1 Qc7 14. Na4
Bc6 15. dxc5 bxc5 16. Bxf6 gxf6 17. Nh4 Ne5 18. Nf5 Kh8 19. Nxc5 Nxd3 20.
Nxd3 Ba3 21. Qg4 Rg8 22. Qd4 Rg6 23. Nf4 Rf8 24. Rc3 Qd7 25. Nxg6+ fxg6 26.
Qb6 Qxf5 27. Rxc6 Bb2 28. Rc5 Qg4 29. Rcxd5 Be5 30. Qxa6 Qh4 31. g3 Qe4 32.
Qe6 Kg7 33. Rd7+ Kh8 34. Qe7 g5 35. Qxf8# { Black checkmated } 1-0

[Event "ICC tourney 2604 (40 5)"]
[Site "Internet Chess Club"]
[Date "2021.06.13"]
[Round "5"]
[White "BAYYARAPU, MOHIT SREEJAN:K06-15582120"]
[Black "WILSON, RONEN:K06-15349011"]
[Result "0-1"]
[ICCResult "White checkmated"]
[WhiteElo "1742"]
[BlackElo "2079"]
[Opening "Sicilian: closed, 2...Nc6"]
[ECO "B24"]
[NIC "SI.44"]
[Time "14:00:23"]
[PlyCount "164"]
[TimeControl "2400+5"]

1. e4 c5 2. Nc3 Nc6 3. d3 g6 4. g3 Bg7 5. Bg2 e6 6. f4 Nge7 7. Nf3 d5 8.
O-O O-O 9. h3 a6 10. a4 Qc7 11. g4 Rd8 12. Qe2 b6 13. Kh1 Bb7 14. e5 Rac8
15. h4 Nd4 16. Qf2 Nec6 17. Ne1 b5 18. axb5 axb5 19. Ne2 Nxe2 20. Qxe2 c4
21. Be3 d4 22. Bf2 Nb4 23. Be4 cxd3 24. cxd3 Nd5 25. Qf3 Qb6 26. Kg1 Rc7
27. Ng2 Rdc8 28. Rab1 b4 29. Bg3 Ne7 30. Bxb7 Rxb7 31. Rfc1 Rbc7 32. Rxc7
Rxc7 33. Bf2 Rc2 34. Qe4 Nc6 35. Ne1 b3 36. Nf3 Bf8 37. Qe1 Bc5 38. Qd1 Nb4
39. Ne1 Qb7 40. Rc1 Qa6 41. Nxc2 bxc2 42. Rxc2 Qa4 43. Rd2 Qa2 44. Qc1 Qd5
45. Qc4 Qc6 46. g5 Kg7 47. b3 Qb6 48. Re2 Qc6 49. Re4 Qb6 50. Bxd4 Na6 51.
Bxc5 Nxc5 52. Re3 Nxb3 53. Qe4 Nd2 54. Qg2 Qxe3+ 55. Qf2 Qxf2+ 56. Kxf2 Nb3
57. Ke3 Kf8 58. d4 Ke7 59. Kd3 Na5 60. Kc3 Kd7 61. Kb4 Nc6+ 62. Kc5 Ne7 63.
Kc4 Nd5 64. Kd3 Nxf4+ 65. Ke4 Ng2 66. h5 gxh5 67. Kf3 Nh4+ 68. Kg3 Nf5+ 69.
Kh3 Kc6 70. d5+ Kxd5 71. Kg2 Kxe5 72. Kh2 Kf4 73. Kh3 Kxg5 74. Kh2 Kg4 75.
Kg2 h4 76. Kh1 Kg3 77. Kg1 h3 78. Kh1 Ne3 79. Kg1 Ng4 80. Kh1 e5 81. Kg1
h2+ 82. Kh1 Nf2# { White checkmated } 0-1

[Event "ICC tourney 2604 (40 5)"]
[Site "Internet Chess Club"]
[Date "2021.06.13"]
[Round "5"]
[White "ZOFFER, OSKAR:K06-16471866"]
[Black "NATHAN, NITISH SG:K06-15494283"]
[Result "1-0"]
[ICCResult "Black checkmated"]
[WhiteElo "1680"]
[BlackElo "1941"]
[Opening "Nimzovich-Larsen attack: Indian variation"]
[ECO "A01"]
[NIC "VO.08"]
[Time "14:00:19"]
[PlyCount "153"]
[TimeControl "2400+5"]

1. b3 Nf6 2. Bb2 d5 3. e3 c5 4. Nf3 Nc6 5. Be2 Bf5 6. d4 e6 7. dxc5 Bxc5 8.
O-O h6 9. Nd4 Bxd4 10. Bxd4 Nxd4 11. Qxd4 O-O 12. Bd3 Bxd3 13. Qxd3 Rc8 14.
Nd2 Qc7 15. Rac1 Rfd8 16. Rfd1 Qa5 17. c3 Qc7 18. Qb1 Qe7 19. Qb2 b5 20.
Re1 Qb7 21. Qa3 Rc7 22. Qb4 Rdc8 23. Rc2 Qb6 24. Rec1 Nd7 25. Qh4 Ne5 26.
Nb1 b4 27. Qd4 Nd7 28. c4 Qb7 29. Qb2 Qc6 30. Nd2 Nb6 31. Qd4 dxc4 32. Nxc4
Qd5 33. h3 Qxd4 34. exd4 Nd5 35. Ne3 Rxc2 36. Rxc2 Rxc2 37. Nxc2 a5 38. Kf1
Kf8 39. Ke2 Ke7 40. Kd3 Kd6 41. Kc4 Kc6 42. Ne3 Nc3 43. a3 Nb5 44. axb4
axb4 45. Nc2 Na3+ 46. Kd3 Nxc2 47. Kxc2 Kd5 48. Kd3 f5 49. f4 g5 50. g3 Kd6
51. Kc4 Kc6 52. Kxb4 Kd5 53. Kc3 gxf4 54. gxf4 Ke4 55. b4 Kxf4 56. b5 Kg3
57. b6 f4 58. b7 f3 59. b8=Q+ Kg2 60. Qg8+ Kf1 61. Qxe6 f2 62. Qxh6 Ke1 63.
Qf4 f1=Q 64. Qxf1+ Kxf1 65. d5 Kg2 66. d6 Kg3 67. d7 Kxh3 68. d8=Q Kg2 69.
Qf6 Kg3 70. Qf5 Kg2 71. Qf4 Kg1 72. Qf3 Kh2 73. Qg4 Kh1 74. Kd2 Kh2 75. Ke2
Kh1 76. Kf2 Kh2 77. Qg2# { Black checkmated } 1-0

[Event "ICC tourney 2604 (40 5)"]
[Site "Internet Chess Club"]
[Date "2021.06.13"]
[Round "6"]
[White "JARGALSAIKHAN, OCHIR:K06-30018301"]
[Black "MOHSENIN, CYRUS:K06-17008780"]
[Result "0-1"]
[ICCResult "White resigns"]
[WhiteElo "1492"]
[BlackElo "1539"]
[Opening "Catalan: closed, 5.Nf3"]
[ECO "E06"]
[NIC "CA.04"]
[Time "17:00:08"]
[PlyCount "104"]
[TimeControl "2400+5"]

1. d4 d5 2. c4 e6 3. g3 Nf6 4. Bg2 Be7 5. Nf3 O-O 6. O-O b6 7. Nbd2 Bb7 8.
b3 Nbd7 9. Bb2 Rc8 10. Rc1 c5 11. cxd5 exd5 12. dxc5 bxc5 13. e3 Qb6 14.
Qe2 Ba6 15. Qd1 Bxf1 16. Bxf1 h6 17. Nh4 Rfe8 18. Nf5 Bf8 19. Nf3 Qe6 20.
Bd3 Ne4 21. N5h4 Ndf6 22. Ng2 Ng4 23. Rc2 Bd6 24. Qf1 Ne5 25. Be2 Nxf3+ 26.
Bxf3 Be5 27. Ba3 Ng5 28. Be2 Qf5 29. Rxc5 Nh3+ 30. Kh1 Rxc5 31. Bxc5 Nxf2+
32. Kg1 Nh3+ 33. Kh1 Qxf1+ 34. Bxf1 Bb8 35. Bb5 Rc8 36. b4 Nf2+ 37. Kg1 Ne4
38. Bd3 Nxc5 39. bxc5 Rxc5 40. Nf4 Bxf4 41. gxf4 Ra5 42. Bb1 Kf8 43. Kf2
Ke7 44. Ke2 d4 45. exd4 Rh5 46. Ke3 Rxh2 47. a4 Kd6 48. Bd3 h5 49. Bb5 h4
50. Kf3 Rd2 51. d5 h3 52. Bf1 Kxd5 { White resigns } 0-1

[Event "ICC tourney 2604 (40 5)"]
[Site "Internet Chess Club"]
[Date "2021.06.13"]
[Round "6"]
[White "ANANTH, ANANYA:K06-15971911"]
[Black "MULLODZHANOV, NATHANIEL:K06-15706544"]
[Result "1/2-1/2"]
[ICCResult "Game drawn by mutual agreement"]
[WhiteElo "1663"]
[BlackElo "2005"]
[Opening "Caro-Kann: Tartakower (Nimzovich) variation"]
[ECO "B15"]
[NIC "CK.06"]
[Time "17:00:11"]
[PlyCount "58"]
[TimeControl "2400+5"]

1. e4 c6 2. d4 d5 3. Nc3 dxe4 4. Nxe4 Nf6 5. Nxf6+ exf6 6. Nf3 Bd6 7. Be2
O-O 8. O-O Bg4 9. c3 Qc7 10. h3 Bh5 11. Be3 Nd7 12. Qc2 Rae8 13. Rad1 Re7
14. Rfe1 Rfe8 15. a3 Nf8 16. Nh4 Bg6 17. Bd3 Bf4 18. Nxg6 Nxg6 19. Bxg6
fxg6 20. Qc1 Kf7 21. Bxf4 Rxe1+ 22. Rxe1 Rxe1+ 23. Qxe1 Qxf4 24. Qe2 Qf5
25. Qc4+ Qe6 26. Qb4 Qd7 27. Kf1 b6 28. Qc4+ Ke7 29. Ke2 Kd6 { Game drawn
by mutual agreement } 1/2-1/2

[Event "ICC tourney 2604 (40 5)"]
[Site "Internet Chess Club"]
[Date "2021.06.13"]
[Round "6"]
[White "TEITELMAN, AIDEN:K06-15429990"]
[Black "GAW, CHLOE:K06-16608942"]
[Result "1-0"]
[ICCResult "Black checkmated"]
[WhiteElo "1710"]
[BlackElo "1719"]
[Opening "Queen's gambit accepted"]
[ECO "D20"]
[NIC "QG.03"]
[Time "17:00:08"]
[PlyCount "49"]
[TimeControl "2400+5"]

1. d4 d5 2. c4 dxc4 3. e3 Nf6 4. Nc3 e6 5. Bxc4 c5 6. Nf3 a6 7. a4 Nc6 8.
O-O Be7 9. dxc5 Qxd1 10. Rxd1 Bxc5 11. Bb3 Ke7 12. Ne1 Nb4 13. a5 Bd7 14.
Na4 Bxa4 15. Rxa4 Rhd8 16. Bd2 Nc6 17. Rc4 Bd6 18. Nf3 Ne5 19. Nxe5 Bxe5
20. Bb4+ Ke8 21. Ba4+ Nd7 22. f4 Bb8 23. Bxd7+ Rxd7 24. Rc8+ Rd8 25. Rcxd8#
{ Black checkmated } 1-0

[Event "ICC tourney 2604 (40 5)"]
[Site "Internet Chess Club"]
[Date "2021.06.13"]
[Round "6"]
[White "NATHAN, NITISH SG:K06-15494283"]
[Black "GOVINDARAJULA, PRANAY SIDDHARTH:K06-17345554"]
[Result "1-0"]
[ICCResult "Black resigns"]
[WhiteElo "1941"]
[BlackElo "1333"]
[Opening "Queen's pawn: London system"]
[ECO "A45"]
[NIC "QP.07"]
[Time "17:00:15"]
[PlyCount "75"]
[TimeControl "2400+5"]

1. d4 Nf6 2. Bf4 d5 3. e3 c5 4. c3 Nc6 5. Nd2 Qb6 6. Qb3 e6 7. Ngf3 Be7 8.
h3 O-O 9. Qc2 Bd7 10. Bd3 Rac8 11. Qb1 cxd4 12. exd4 h6 13. O-O Rfd8 14.
Re1 Re8 15. Ne5 Qd8 16. Ndf3 a6 17. Nxd7 Nxd7 18. Qd1 b5 19. Ne5 Ndxe5 20.
dxe5 Bg5 21. Bh2 Qb6 22. Qg4 b4 23. Rad1 bxc3 24. bxc3 Qb2 25. h4 Be7 26.
Bf4 Bf8 27. Bxh6 Qxc3 28. Bf4 Nb4 29. Bb1 Rc4 30. Qh5 g6 31. Bxg6 fxg6 32.
Qxg6+ Kh8 33. Qxe8 Rxf4 34. Qh5+ Kg8 35. Qg5+ Bg7 36. Qxf4 Nd3 37. Qg3 Nxe1
38. Qxc3 { Black resigns } 1-0

[Event "ICC tourney 2604 (40 5)"]
[Site "Internet Chess Club"]
[Date "2021.06.13"]
[Round "6"]
[White "YU, DYLAN:K06-15800955"]
[Black "SATTARU, SRITEJ SAI:K06-16084553"]
[Result "1-0"]
[ICCResult "Black resigns"]
[WhiteElo "1763"]
[BlackElo "1796"]
[Opening "Queen's pawn game"]
[ECO "D05"]
[NIC "QP.08"]
[Time "17:00:20"]
[PlyCount "143"]
[TimeControl "2400+5"]

1. d4 d5 2. Nf3 Nf6 3. e3 e6 4. Bd3 Be7 5. Nbd2 O-O 6. O-O b6 7. b3 Bb7 8.
Bb2 c5 9. Ne5 Nbd7 10. f4 Rc8 11. c4 Ne4 12. Nxe4 dxe4 13. Be2 f6 14. Nxd7
Qxd7 15. Qc2 f5 16. Rad1 Qc7 17. d5 exd5 18. cxd5 Bf6 19. Bc4 Qd6 20. Bxf6
Rxf6 21. Rf2 Kh8 22. g3 Rd8 23. Rfd2 Qe7 24. Qc3 Rfd6 25. Qe5 Qf7 26. Kg2
a6 27. a4 Qh5 28. Be2 Qf7 29. Bc4 Qd7 30. Qc3 Qf7 31. Qe5 Kg8 32. Kf2 Qh5
33. Kg1 Qf3 34. Qc3 Qh5 35. Qe5 Qg6 36. Qe7 Qf7 37. Qxd8+ Rxd8 38. d6 b5
39. Bxf7+ Kxf7 40. axb5 axb5 41. Rc1 c4 42. bxc4 bxc4 43. Rxc4 Ke6 44. Rc7
Rd7 45. Rxd7 Kxd7 46. Kg2 Ba6 47. Rd5 g6 48. Rd4 Bb7 49. Kh3 Bc6 50. Kh4
Ke6 51. Kg5 Bd7 52. Kh6 Be8 53. Kxh7 Kd7 54. h4 Bf7 55. Kg7 Be8 56. Kf6 Kc6
57. Ke7 Bd7 58. Rc4+ Kd5 59. Kxd7 Kxc4 60. Ke6 Kd3 61. d7 Kxe3 62. d8=Q Kf2
63. Qd2+ Kxg3 64. Kf6 Kxh4 65. Kxg6 Kg4 66. Qe2+ Kxf4 67. Qf2+ Ke5 68.
Qxf5+ Kd4 69. Qf2+ Kd3 70. Qe1 e3 71. Kf5 e2 72. Kf4 { Black resigns } 1-0

[Event "ICC tourney 2604 (40 5)"]
[Site "Internet Chess Club"]
[Date "2021.06.13"]
[Round "6"]
[White "VANZANDWEGHE, HENRI:K06-15949902"]
[Black "GOLDSTEIN, ARAV MICAH:K06-15497770"]
[Result "1-0"]
[ICCResult "Black checkmated"]
[WhiteElo "1774"]
[BlackElo "1635"]
[Opening "Sicilian"]
[ECO "B56"]
[NIC "SI.25"]
[Time "17:00:29"]
[PlyCount "139"]
[TimeControl "2400+5"]

1. e4 c5 2. Nf3 d6 3. d4 cxd4 4. Nxd4 Nf6 5. Nc3 Nc6 6. Be3 Ng4 7. Nxc6
bxc6 8. Qd2 Nxe3 9. Qxe3 e6 10. Bc4 Be7 11. O-O O-O 12. Ne2 d5 13. Rad1 Qc7
14. Bb3 a5 15. a3 Ba6 16. Rfe1 Rab8 17. Nc3 dxe4 18. Qxe4 Rfd8 19. Rxd8+
Rxd8 20. Bc4 Bxc4 21. Qxc4 Rd2 22. Ne4 Rd5 23. g3 Qd7 24. Qe2 Qb7 25. Nc3
Rd7 26. Rd1 Rxd1+ 27. Nxd1 Qd7 28. Ne3 Bd8 29. Qa6 Qd4 30. Qxc6 Be7 31.
Qa8+ Bd8 32. c3 Qb6 33. Nc4 Qc7 34. Ne5 Kf8 35. Nc6 Ke8 36. Qxd8+ Qxd8 37.
Nxd8 Kxd8 38. b4 axb4 39. cxb4 Kc7 40. b5 Kd6 41. Kf1 e5 42. Ke2 f6 43. a4
Kc5 44. Ke3 g6 45. Ke4 h6 46. f4 exf4 47. Kxf4 h5 48. h4 Kb6 49. Ke3 Kc5
50. Ke4 Kb6 51. Kd5 g5 52. hxg5 fxg5 53. Ke4 h4 54. gxh4 gxh4 55. Kf3 h3
56. Kg3 h2 57. Kxh2 Ka7 58. Kg3 Kb6 59. Kf4 Ka7 60. Ke5 Kb6 61. Kd6 Ka7 62.
a5 Kb8 63. b6 Kb7 64. Kc5 Ka8 65. Kc6 Kb8 66. b7 Ka7 67. Kc7 Ka6 68. b8=Q
Kxa5 69. Qb3 Ka6 70. Qa4# { Black checkmated } 1-0

[Event "ICC tourney 2604 (40 5)"]
[Site "Internet Chess Club"]
[Date "2021.06.13"]
[Round "6"]
[White "ZOFFER, OSKAR:K06-16471866"]
[Black "LIU, DAVIDSIQI:K06-15612561"]
[Result "0-1"]
[ICCResult "White resigns"]
[WhiteElo "1680"]
[BlackElo "1933"]
[Opening "French: exchange variation"]
[ECO "C01"]
[NIC "FR.01"]
[Time "17:00:19"]
[PlyCount "66"]
[TimeControl "2400+5"]

1. e4 e6 2. d4 d5 3. exd5 exd5 4. Nf3 Bd6 5. c3 Nc6 6. Qb3 Nge7 7. Bd3 Bg4
8. Ne5 Bxe5 9. dxe5 Nxe5 10. Bc2 O-O 11. Qxb7 Re8 12. O-O Qd7 13. Qb4 Rab8
14. Qd4 N7g6 15. b3 Nh4 16. Qf4 Nxg2 17. Qg3 Nh4 18. Bd1 Bh3 19. Qxh4 Bxf1
20. Kxf1 Qb5+ 21. c4 dxc4 22. Be2 Qd5 23. Qg3 Qd4 24. Qc3 Qe4 25. f3 Qf5
26. f4 Nd3 27. Bf3 Re1+ 28. Qxe1 Nxe1 29. Nd2 Nxf3 30. Nxf3 Qd3+ 31. Kf2
Qc3 32. Rb1 Qc2+ 33. Nd2 c3 { White resigns } 0-1

[Event "ICC tourney 2604 (40 5)"]
[Site "Internet Chess Club"]
[Date "2021.06.13"]
[Round "6"]
[White "KAMATH, AYUSH:K06-16652416"]
[Black "SHOME, ANIRUDH:K06-15937035"]
[Result "1-0"]
[ICCResult "Black forfeits on time"]
[WhiteElo "1329"]
[BlackElo "1082"]
[Opening "Pirc defense"]
[ECO "B07"]
[NIC "PU.07"]
[Time "17:00:14"]
[PlyCount "55"]
[TimeControl "2400+5"]

1. e4 d6 2. d4 Nf6 3. Nc3 g6 4. Bf4 Bg7 5. Qd2 O-O 6. O-O-O Na6 7. Bh6 c5
8. d5 Qa5 9. f3 Rb8 10. h4 b5 11. Kb1 b4 12. Nce2 c4 13. Nd4 c3 14. Qe3 Bd7
15. h5 cxb2 16. hxg6 fxg6 17. Bxg7 Kxg7 18. Nb3 Qb6 19. Qh6+ Kg8 20. Bxa6
Qxa6 21. g4 Rf7 22. Nh3 Qc4 23. Ng5 Rc8 24. Rd2 Rg7 25. Qh2 Qc7 26. Nd4 Qc3
27. Qf2 a5 28. Rh3 { Black forfeits on time } 1-0

[Event "ICC tourney 2604 (40 5)"]
[Site "Internet Chess Club"]
[Date "2021.06.13"]
[Round "6"]
[White "POTHURI, ABHIRAM SAI:K06-15560780"]
[Black "WILSON, RONEN:K06-15349011"]
[Result "0-1"]
[ICCResult "White checkmated"]
[WhiteElo "1948"]
[BlackElo "2079"]
[Opening "Sicilian: Najdorf, Byrne (English) attack"]
[ECO "B90"]
[NIC "SI.14"]
[Time "17:00:12"]
[PlyCount "86"]
[TimeControl "2400+5"]

1. e4 c5 2. Nf3 d6 3. d4 cxd4 4. Nxd4 Nf6 5. Nc3 a6 6. Be3 e5 7. Nb3 Be6 8.
f3 Nbd7 9. Qd2 Be7 10. Be2 O-O 11. g4 b5 12. h4 b4 13. Nd1 d5 14. g5 d4 15.
gxf6 dxe3 16. Nxe3 Nxf6 17. Bd3 Nh5 18. O-O-O a5 19. Kb1 a4 20. Nc1 Nf4 21.
Nd5 Bxd5 22. exd5 Bd6 23. Ne2 Nxe2 24. Qxe2 f5 25. h5 Qf6 26. Bc4 a3 27. b3
e4 28. c3 Qxc3 29. Qc2 Qxc2+ 30. Kxc2 e3 31. Kd3 f4 32. Ke2 Rf5 33. Rd4 Rg5
34. Rh2 Kf7 35. h6 g6 36. Re4 Re8 37. Re6 Rxe6 38. dxe6+ Ke7 39. Kd3 Re5
40. Kd4 Kf6 41. Bd5 e2 42. Be4 e1=Q 43. Kc4 Qc3# { White checkmated } 0-1

[Event "ICC tourney 2604 (40 5)"]
[Site "Internet Chess Club"]
[Date "2021.06.13"]
[Round "6"]
[White "YAO, JERRY:K06-15860426"]
[Black "PATANKAR, VIJAY:K06-16438548"]
[Result "1-0"]
[ICCResult "Black resigns"]
[WhiteElo "1893"]
[BlackElo "940"]
[Opening "King's Indian: Sämisch, double fianchetto variation"]
[ECO "E82"]
[NIC "KI.45"]
[Time "17:00:15"]
[PlyCount "121"]
[TimeControl "2400+5"]

1. d4 Nf6 2. c4 g6 3. Nc3 Bg7 4. e4 d6 5. f3 O-O 6. Be3 b6 7. Qd2 Bb7 8.
Nge2 c5 9. d5 Nbd7 10. h4 h5 11. Nf4 Ne5 12. b3 Bc8 13. Nd3 Nfd7 14. Be2 a6
15. Bh6 Nxd3+ 16. Bxd3 Ne5 17. Bxg7 Kxg7 18. O-O-O Rb8 19. Be2 Bd7 20. a4
Qc7 21. Rdg1 Qc8 22. g4 hxg4 23. h5 Rh8 24. f4 Nf3 25. Bxf3 gxf3 26. f5 Qe8
27. Qf2 Rh6 28. Qxf3 Rc8 29. hxg6 Rxh1 30. Qxh1 Qh8 31. gxf7+ Kxf7 32. Qxh8
Rxh8 33. Rg2 Rg8 34. Rxg8 Kxg8 35. Kd2 Kf7 36. Ke3 Kf6 37. Kf4 Be8 38. Nd1
Bh5 39. Ne3 Be2 40. Ng4+ Bxg4 41. Kxg4 Kg7 42. Kg5 Kf7 43. Kg4 Kg7 44. Kh5
Kf7 45. Kg4 Kg7 46. Kf3 Kf7 47. Ke3 Kg7 48. Kd3 Kf6 49. Ke2 Kf7 50. Kd2 Kf6
51. Kd3 Kf7 52. Ke3 Kg7 53. Kf3 Kf7 54. Kg4 Kf6 55. Kf4 Kf7 56. e5 Kg7 57.
exd6 exd6 58. Kg5 Kf7 59. f6 Kf8 60. Kg6 Ke8 61. Kg7 { Black resigns } 1-0

[Event "ICC tourney 2604 (40 5)"]
[Site "Internet Chess Club"]
[Date "2021.06.13"]
[Round "6"]
[White "WIDJAJA, LUKE:K06-16010621"]
[Black "ABE, ABISAYO:K06-15761580"]
[Result "0-1"]
[ICCResult "White resigns"]
[WhiteElo "1257"]
[BlackElo "1762"]
[Opening "Sicilian: Smith-Morra gambit"]
[ECO "B21"]
[NIC "SI.47"]
[Time "17:00:12"]
[PlyCount "102"]
[TimeControl "2400+5"]

1. e4 c5 2. d4 cxd4 3. c3 Nf6 4. e5 Nd5 5. cxd4 Nc6 6. Bc4 Nb6 7. Bb3 d6 8.
exd6 e6 9. Nf3 Bxd6 10. Bc2 Nd5 11. Nc3 Nf6 12. O-O O-O 13. Bg5 Be7 14. a3
Qb6 15. Na4 Qc7 16. Rc1 Rd8 17. Qe2 Qa5 18. Bd2 Qh5 19. Be3 Ng4 20. Nc3 Bd6
21. h3 Nxe3 22. fxe3 e5 23. Ne4 exd4 24. Neg5 g6 25. Bb3 Be6 26. Nxe6 fxe6
27. Bxe6+ Kg7 28. Bg4 Qa5 29. Rxc6 d3 30. Qf2 bxc6 31. Nd4 Qe5 32. Ne6+ Kh8
33. Qh4 Re8 34. Ng5 Re7 35. Nf7+ Rxf7 36. Rxf7 h5 37. Bd1 Qxe3+ 38. Kh1 Qe5
39. Kg1 d2 40. Qf6+ Qxf6 41. Rxf6 Bc5+ 42. Kf1 Re8 43. Be2 Be7 44. Rf3 Bh4
45. g3 Bg5 46. Rd3 c5 47. Rd7 Rf8+ 48. Kg2 Be3 49. Bf3 Bd4 50. Rxd4 cxd4
51. Bd1 d3 { White resigns } 0-1

[Event "ICC tourney 2604 (40 5)"]
[Site "Internet Chess Club"]
[Date "2021.06.13"]
[Round "6"]
[White "FENG, ANDREW T:K06-15666552"]
[Black "BUGAYEV, GEORGE:K06-15696525"]
[Result "1/2-1/2"]
[ICCResult "Game drawn by repetition"]
[WhiteElo "1919"]
[BlackElo "1758"]
[Opening "Caro-Kann: Panov-Botvinnik attack, 5...e6"]
[ECO "B14"]
[NIC "CK.03"]
[Time "17:00:16"]
[PlyCount "105"]
[TimeControl "2400+5"]

1. e4 c6 2. d4 d5 3. exd5 cxd5 4. c4 Nf6 5. Nc3 e6 6. Bf4 Be7 7. Nf3 O-O 8.
c5 Nc6 9. Bb5 a6 10. Bxc6 bxc6 11. Ne5 Bd7 12. O-O Re8 13. Na4 Ra7 14. Nb6
Rb7 15. Qe2 Rxb6 16. cxb6 Qxb6 17. Rfd1 a5 18. Rac1 Rc8 19. h3 Be8 20. Rc2
Ne4 21. Rdc1 c5 22. dxc5 Rxc5 23. Qe3 Qb5 24. Nd3 Rxc2 25. Rxc2 h6 26. Be5
Bc6 27. Bd4 Bb7 28. Nc5 Bxc5 29. Bxc5 Ba6 30. Qc1 Qa4 31. b3 Qd7 32. Bd4
Qe7 33. Qf4 Qb4 34. Rc7 Qxd4 35. Qxf7+ Kh7 36. Ra7 Qa1+ 37. Kh2 Qe5+ 38.
Kg1 Qa1+ 39. Kh2 Qe5+ 40. f4 Qd4 41. Rxa6 Qc3 42. Qxe6 Qg3+ 43. Kh1 Qe1+
44. Kh2 Qg3+ 45. Kg1 Qe1+ 46. Kh2 Qg3+ 47. Kh1 Qe1+ 48. Kh2 Qg3+ 49. Kg1
Qe1+ 50. Kh2 Qg3+ 51. Kh1 Qe1+ 52. Kh2 Qg3+ 53. Kg1 { Game drawn by
repetition } 1/2-1/2

[Event "ICC tourney 2604 (40 5)"]
[Site "Internet Chess Club"]
[Date "2021.06.13"]
[Round "6"]
[White "HO, JASPER:K06-16038265"]
[Black "BUCHANAN, ROYAL:K06-15612362"]
[Result "0-1"]
[ICCResult "White checkmated"]
[WhiteElo "1794"]
[BlackElo "1943"]
[Opening "King's Indian: Petrosian system, main line"]
[ECO "E93"]
[NIC "KI.12"]
[Time "17:00:49"]
[PlyCount "138"]
[TimeControl "2400+5"]

1. d4 Nf6 2. c4 g6 3. Nc3 Bg7 4. e4 d6 5. Nf3 O-O 6. Be2 e5 7. d5 Nbd7 8.
O-O Nc5 9. Qc2 a5 10. Be3 b6 11. h3 Nh5 12. Nd2 Nf4 13. Bxf4 exf4 14. Nf3
f5 15. exf5 Bxf5 16. Qd2 g5 17. Nd4 Bg6 18. Ne6 Nxe6 19. dxe6 Re8 20. Bf3
Rb8 21. Rfe1 Be5 22. Bc6 Re7 23. Rad1 Bxc3 24. Qxc3 Qf8 25. Rd5 h6 26. a3
Qg7 27. Qf3 Qf6 28. Qg4 Rf8 29. h4 Bf5 30. hxg5 Bxg4 31. gxf6 Rxf6 32. Rd4
Kg7 33. Rde4 Rfxe6 34. Rxe6 Rxe6 35. Rxe6 Bxe6 36. Bb5 Kf6 37. Kf1 Ke5 38.
Ke2 Kd4 39. Kf3 Bxc4 40. Bxc4 Kxc4 41. Kxf4 d5 42. Ke3 d4+ 43. Kd2 Kd5 44.
Kd3 c5 45. f4 h5 46. g3 a4 47. Ke2 Ke4 48. Kd2 h4 49. gxh4 Kxf4 50. Kd3 Kg4
51. Kc4 Kxh4 52. b3 axb3 53. Kxb3 Kg4 54. Kc2 Kf3 55. Kd3 b5 56. Kd2 c4 57.
Kc2 Ke3 58. a4 bxa4 59. Kb2 d3 60. Kc1 Ke2 61. Kb2 d2 62. Ka2 d1=Q 63. Kb2
a3+ 64. Kc3 Qb3+ 65. Kd4 a2 66. Kc5 a1=Q 67. Kc6 Qa6+ 68. Kd7 Qbb7+ 69. Kd8
Qaa8# { White checkmated } 0-1